 Dungeon Crawl Stone Soup version 0.14-a0-2162-g062a2ce (webtiles) character file.

571 Kae the Firebug (level 6, -1/32 HPs)
             Began as a Tengu Fire Elementalist on Jan 28, 2014.
             Was an Initiate of Vehumet.
             Slain by a phantom (7 damage)
             ... on Level 4 of the Dungeon.
             The game lasted 00:05:01 (3482 turns).

Kae the Firebug (Tengu Fire Elementalist)           Turns: 3482, Time: 00:05:01

HP  -1/32        AC  3     Str  9      XL: 6   Next: 78%
MP   2/15        EV 12     Int 17      God: Vehumet [......]
Gold 184         SH  0     Dex 14      Spells:  3 memorised,  5 levels left

rFire  . . .     SeeInvis +     m - +1 spear
rCold  . . .     Clarity  .     a - +0 robe
rNeg   . . .     Conserve .     (no shield)
rPois  .         rCorr    .     (helmet restricted)
rElec  .         rRot     .     l - +0 cloak
SustAb . .       Spirit   .     (no gloves)
rMut   .         Warding  .     (boots unavailable)
Saprov . . .     Stasis   +     w - amulet of stasis
MR     .....                    (no ring)
                                o - ring of see invisible

@: not resistant to hostile enchantments, fairly stealthy
A: able to fly, beak, talons 3
a: Fly, Renounce Religion


You were on level 4 of the Dungeon.
You worshipped Vehumet.
Vehumet was noncommittal.
You were very hungry.

You visited 1 branch of the dungeon, and saw 4 of its levels.

You collected 184 gold pieces.

Inventory:

Hand weapons
 m - a +1,+1 spear (weapon)
Armour
 a - a +0 robe (worn)
 l - a +0 cloak (worn)
Comestibles
 c - 4 bread rations
 p - an orange
 q - an apple
 x - 2 meat rations
Scrolls
 d - 2 scrolls of enchant weapon I
 f - 3 scrolls of remove curse
 g - a scroll of blinking
 h - a scroll of identify
 k - a scroll of teleportation
 s - a scroll of enchant armour {unknown}
Jewellery
 o - a ring of see invisible (left hand)
 w - an amulet of stasis (around neck)
Potions
 e - 4 potions of curing
 j - a potion of heal wounds
 n - a potion of poison {unknown}
 r - a potion of might
 t - 2 potions of restore abilities
 u - a potion of agility {unknown}
 v - a potion of cure mutation {unknown}
Books
 b - a book of Flames

   Spells                             Type                      Level
   *Flame Tongue                      Conjuration/Fire             1
   *Throw Flame                       Conjuration/Fire             2
   *Conjure Flame                     Conjuration/Fire             3
   Inner Flame                        Hexes/Fire                   3
   Sticky Flame                       Conjuration/Fire             4
   Fireball                           Conjuration/Fire             5


   Skills:
 - Level 2.1 Dodging
 - Level 2.0 Stealth
 + Level 3.3 Spellcasting
 * Level 5.2 Conjurations
 * Level 5.9 Fire Magic


You had 5 spell levels left.
You knew the following spells:

 Your Spells              Type           Power        Failure   Level  Hunger
a - Flame Tongue          Conj/Fire      ###..        1%          1    None
b - Throw Flame           Conj/Fire      ###...       2%          2    ##.....
c - Conjure Flame         Conj/Fire      ###.....     8%          3    ###....


Dungeon Overview and Level Annotations

Branches:
Dungeon (4/16)             Temple (0/1) D:4

Altars:
Okawaru
Vehumet

Shops:
D:4 =


Innate Abilities, Weirdness & Mutations

You can fly.
You have a beak for a mouth.
You have claws for feet.


Message History

The phantom is moderately damaged.
The phantom hits you.
* * * LOW HITPOINT WARNING * * *
Casting: Flame Tongue
Confirm with . or Enter, or press ? or * to list all spells.
Aiming: Flame Tongue
Press: ? - help, Shift-Dir - straight line, f/p - phantom
Aim: a phantom (moderately damaged)
The flame hits the phantom.
The phantom is severely damaged.
The phantom misses you.
Casting: Flame Tongue
Confirm with . or Enter, or press ? or * to list all spells.
Aiming: Flame Tongue
Press: ? - help, Shift-Dir - straight line, f/p - phantom
Aim: a phantom (severely damaged)
The flame hits the phantom.
The phantom is severely damaged.
The phantom hits you!
You die...

#......####### #.....
#...........b'... #.....
#......####88888. #.....
###.#### #8...8# ##'###
###.# #8.>.8# #....
#...# #8...8# ####.
#.### 88.88 ##### #.#
#%p# #.... ###.#######
#@# #.... #.........#
#.# #....
#.........####.#####
#....
#......<...........##
#....
#.........########..####
#.... #.........#
##....####....
#.........#
####....'....
########### ######....
#....


You could see a phantom and a bat.

Vanquished Creatures
  An ogre (D:4)
  An orc priest (D:3)
  Crazy Yiuf (D:4)
  A hound (D:4)
  2 orc wizards
  An ogre skeleton (D:4)
  6 adders
  A giant mite (D:3)
  2 worms
  5 giant geckos
  2 oozes
  2 orcs (D:4)
  4 giant cockroaches
  5 hobgoblins
  2 jackals (D:2)
  6 kobolds
  2 quokkas
  13 bats
  3 giant newts
  A giant spore (D:3)
  6 goblins
  12 rats
79 creatures vanquished.

Vanquished Creatures (others)
  A hobgoblin (D:3)
1 creature vanquished.

Grand Total: 80 creatures vanquished

Notes
Turn   | Place    | Note
--------------------------------------------------------------
     0 | D:1      | Kae, the Tengu Fire Elementalist, began the quest for the Orb.
     0 | D:1      | Reached XP level 1. HP: 10/10 MP: 3/3
     3 | D:1      | Noticed a giant goldfish
     3 | D:1      | Noticed a shark
   351 | D:1      | Reached XP level 2. HP: 10/15 MP: 5/5
   783 | D:1      | Found an iron altar of Okawaru.
  1126 | D:2      | Reached XP level 3. HP: 13/19 MP: 5/7
  1179 | D:2      | Learned a level 2 spell: Throw Flame
  1183 | D:2      | Learned a level 3 spell: Conjure Flame
  1273 | D:2      | Reached skill level 4 in Fire Magic
  1589 | D:2      | Reached XP level 4. HP: 24/24 MP: 7/9
  1636 | D:2      | Found a radiant altar of Vehumet.
  1668 | D:2      | HP: 1/24 [bat (1)]
  1691 | D:2      | Became a worshipper of Vehumet
  2160 | D:3      | Reached XP level 5. HP: 11/28 MP: 3/13
  2657 | D:3      | Reached skill level 5 in Fire Magic
  2857 | D:4      | Found Kiwamacw's Jewellery Shoppe.
  2886 | D:4      | Noticed an ogre
  2904 | D:4      | Killed an ogre
  2904 | D:4      | Reached XP level 6. HP: 12/32 MP: 3/15
  3135 | D:4      | Noticed Crazy Yiuf
  3139 | D:4      | Killed Crazy Yiuf
  3204 | D:4      | Reached skill level 5 in Conjurations
  3465 | D:4      | Found a staircase to the Ecumenical Temple.
  3482 | D:4      | Slain by a phantom

Action                   |  1- 3 |  4- 6 || total
-------------------------+-------+-------++-------
Melee: Unarmed           |    35 |       ||    35
       Spear             |    16 |    48 ||    64
 Cast: Flame Tongue      |    34 |    71 ||   105
       Throw Flame       |     3 |    10 ||    13
       Conjure Flame     |       |     4 ||     4
  Use: Potion            |     2 |     2 ||     4
       Scroll            |       |     9 ||     9
 Stab: Sleeping          |       |     3 ||     3
